 Dungeon Crawl Stone Soup version 0.22.0-38-g04b72b8 (webtiles) character file.

60284 Lew the Blocker (level 14, -2/92 HPs)
             Began as a Gargoyle Fighter on Aug 27, 2018.
             Was the Champion of Okawaru.
             Incinerated by Asterion (5 damage)
             ... with a sticky flame
             ... on level 1 of the Depths.
             The game lasted 01:00:01 (17733 turns).

Lew the Blocker (Gargoyle Fighter)                 Turns: 17733, Time: 01:00:01

Health: -2/92      AC: 31    Str: 28    XL:     14   Next: 98%
Magic:  18/18      EV: 18    Int:  9    God:    Okawaru [******]
Gold:   236        SH:  5    Dex: 13    Spells: 13/13 levels left

rFire    . . .     SeeInvis +   G - +7 war axe (elec)
rCold    . . .     Gourm    .   I - -2 buckler of the Dice {rC- rN+ Dex+3 Slay+2}
rNeg     + + .     Faith    .   m - +1 scale mail of Zeiklim {rPois Str+4}
rPois    ∞         Spirit   .   i - +4 hat of the Volcano {*Slow rElec MR+ rCorr}
rElec    +         Reflect  .   a - scarf {cloud immunity}
rCorr    +         Harm     .   o - +2 pair of gloves
MR       ++...                  l - +2 pair of boots "Daho" {+Inv}
Stlth    +.........             c - amulet of Viskeode {Regen+ Slay+3}
HPRegen  0.65/turn              s - ring of see invisible
MPRegen  0.16/turn              j - +5 ring of evasion

@: liquid flames, very slightly contaminated, glowing, studying Maces & Flails
A: big wings, cold resistance 1, negative energy resistance 1, electricity
resistance, wild magic 1, unbreathing, petrification resistance, rot immunity,
AC +10
a: Fly, Heroism, Finesse, Renounce Religion, Evoke Invisibility


You were on level 1 of the Depths.
You worshipped Okawaru.
Okawaru was exalted by your worship.
You were very hungry.

You visited 3 branches of the dungeon, and saw 17 of its levels.
You visited 1 bazaar.

You collected 2600 gold pieces.
You spent 2364 gold pieces at shops.

Inventory:

Hand Weapons
 F - a +3 scimitar of flaming
 G - a +7 war axe of electrocution (weapon)
Missiles
 w - 7 tomahawks of dispersal (quivered)
Armour
 a - a scarf of cloud immunity (worn)
 i - the +4 hat of the Volcano (worn) {*Slow rElec MR+ rCorr}
   (Okawaru gifted it to you on level 15 of the Dungeon)

   It insulates you from electricity.
   It affects your resistance to hostile enchantments.
   It provides partial protection from all sources of acid and corrosion.
   It may slow you when you take damage.
 l - the +2 pair of boots "Daho" (worn) {+Inv}
   (Okawaru gifted it to you on level 14 of the Dungeon)

   It lets you turn invisible.
 m - the +1 scale mail of Zeiklim (worn) {rPois Str+4}
   (You found it on level 4 of the Dungeon)

   It affects your strength (+4).
   It protects you from poison.
 o - a +2 pair of gloves (worn)
 I - the -2 buckler of the Dice (worn) {rC- rN+ Dex+3 Slay+2}
   (You found it on level 15 of the Dungeon)

   It affects your dexterity (+3).
   It affects your accuracy and damage with ranged weapons and melee attacks
   (+2).
   It makes you vulnerable to cold.
   It protects you from negative energy.
Jewellery
 c - the amulet of Viskeode (around neck) {Regen+ Slay+3}
   (You bought it in a shop in a bazaar)

   [amulet of regeneration]

   It affects your accuracy and damage with ranged weapons and melee attacks
   (+3).
   It increases your rate of regeneration.
 e - the ring "Gire Cybb" {rF+ Dex+6}
   (You found it on level 9 of the Dungeon)

   [ring of protection from fire]

   It affects your dexterity (+6).
   It protects you from fire.
 j - a +5 ring of evasion (right hand)
 p - an uncursed ring of protection from fire
 s - a ring of see invisible (left hand)
 y - an uncursed ring of resist corrosion
Wands
 k - a wand of flame (34)
 u - a wand of paralysis (12)
 v - a wand of clouds (2)
 A - a wand of digging (29)
 B - a wand of polymorph (9)
 H - a wand of iceblast (16)
Scrolls
 b - 2 scrolls of remove curse
 h - 2 scrolls of magic mapping
 t - 2 scrolls of amnesia
Potions
 d - a potion of cancellation
Books
 g - a manual of Maces & Flails
Miscellaneous
 z - a phial of floods
Comestibles
 f - 18 rations


   Skills:
 * Level 12.5 Fighting
 * Level 12.2 Axes
 * Level 12.3 Armour
 - Level 5.0 Dodging
 + Level 9.3 Stealth
 * Level 12.6 Shields
 + Level 6.4 Invocations
 - Level 0.2 Evocations


You had 13 spell levels left.
You didn't know any spells.
Your spell library contained the following spells:

 Spells                   Type           Power        Failure   Level  Hunger
 Magic Dart               Conj           #...         67%         1    ##.....
 Blink                    Tloc           N/A          80%         2    ###....
 Call Imp                 Summ           #.......     80%         2    ###....
 Corpse Rot               Necr           N/A          80%         2    ###....
 Slow                     Hex            #.......     80%         2    ###....
 Conjure Flame            Conj/Fire      #.......     95%         3    ####...
 Mephitic Cloud           Conj/Pois/Air  #.......     95%         3    ####...
 Stone Arrow              Conj/Erth      #.....       95%         3    ####...
 Leda's Liquefaction      Hex/Erth       #.........   100%        4    #####..
 Summon Forest            Summ/Tloc      #.........   100%        5    ######.
 Hydra Form               Tmut           #.........   100%        6    #######
 Summon Hydra             Summ           #.........   100%        7    #######


Dungeon Overview and Level Annotations

Branches:
Dungeon (15/15)            Temple (1/1) D:5            Lair (0/6) D:11
    Orc (0/2) D:12         Vaults (0/5) D:14         Depths (1/5) D:15

Altars:
Ashenzari
Cheibriados
Dithmenos
Elyvilon
Fedhas
Gozag
Hepliaklqana
Kikubaaqudgha
Makhleb
Nemelex Xobeh
Okawaru
Qazlal
Ru
Sif Muna
Trog
Uskayaw
Vehumet
Wu Jian
Xom
Yredelemnul
Zin
The Shining One

Shops:
Depths:1 (}

Portals:
Hell: Depths:1
Abyss: Depths:1

Annotations:
Depths:1 Asterion


Innate Abilities, Weirdness & Mutations

You are resistant to torment.
Your stone body is resilient. (AC +10)
You are immune to poison.
Your large and strong wings let you fly indefinitely.
You resist negative energy. (rN+)
You are resistant to electric shocks. (rElec)
You can survive without breathing.
You are immune to petrification.
You are immune to rotting.
Your flesh is cold resistant. (rC+)
Your spells are a little harder to cast, but a little more powerful.


Message History

Asterion blocks your titanic slime creature's attack.
Asterion hits your titanic slime creature with a demon trident of venom!!
Asterion gores your titanic slime creature.
Things that are here:
an enchanted eveningstar; a shiny plate armour
Okay, then.
The balrug hits something with a demon whip of venom!!
Asterion barely misses something.
Asterion gores something!
The balrug hits something with a demon whip of venom!
Something is engulfed in flames!!
Asterion conjures a destructive force in the name of Makhleb!
The sticky flame hits you!
You are covered in liquid flames!
* * * LOW HITPOINT WARNING * * *
You are covered in liquid flames!
* * * LOW HITPOINT WARNING * * *
You are covered in liquid flames!
* * * LOW HITPOINT WARNING * * *
You are covered in liquid flames!
You die...

* #.....#(#..#.##.........#≈≈≈≈≈
**##.....###....##.........#≈≈≈≈≈
...'.....)....#.##.........######
####.......2..#.##...............
* #.......###.H.#####'#####'#####
**#..PP...#####.# #.# #....##
,.'.P≈≈...).....#####.# ####...
*##.P≈≈PP.###)#.##....########.##
*


#.PPPPP.# #...@....^.........# * #.......# ###.##.###########.## * *#######*
#.##.###########.#. * #.##.#...........'. * #.##.#.#####.#####.
*##############.##.#.# #♣...♣# #. *#...................##♣.....♣##.
*#...#######...##.####♣.......♣## *#.###.....###.##'###♣....∩...!♣# You could
see Asterion.

Vanquished Creatures
  Frances (D:13)
  2 stone giants (Depths:1)
  2 vampire knights (Depths:1)
  Nessos (D:14)
  A merfolk impaler (Depths:1)
  2 fire dragons (Depths:1)
  3 jiangshi (Depths:1)
  2 yaktaur captains
  Harold (D:9)
  A rakshasa (D:15)
  Fannar (D:10)
  2 hydras
  An ogre mage (Depths:1)
  8 two-headed ogres
  4 centaur warriors
  The ghost of Liatris the Carver, a novice DsGl of Okawaru (D:8)
  A vampire mage (Depths:1)
  Nergalle (D:10)
  2 unseen horrors
  A titan skeleton (Depths:1)
  A glowing orange brain (shapeshifter) (D:14)
  An unseen horror (shapeshifter) (Depths:1)
  Pikel (D:7)
  An obsidian statue (D:11)
  A phantasmal warrior (D:14)
  A necromancer (Depths:1)
  A wolf spider zombie (D:14)
  2 deep elf magi
  8 ugly things
  2 manticores (D:14)
  3 cyclopes
  A fire giant skeleton (Depths:1)
  2 gargoyles
  4 yaktaurs
  3 efreet
  A yaktaur (shapeshifter) (D:14)
  3 freezing wraiths
  4 trolls
  3 hornets
  A blink frog (shapeshifter) (D:15)
  4 hippogriffs
  A fire dragon zombie (Depths:1)
  4 water elementals (Depths:1)
  Sigmund (D:6)
  23 yaks
  A vampire (D:14)
  3 wraiths
  A wyvern (D:8)
  2 hungry ghosts (D:8)
  Eustachio (D:5)
  A basilisk (D:15)
  6 vampire mosquitoes
  An acid dragon (D:15)
  2 porcupines (D:11)
  4 slaves (D:7)
  Duvessa (D:5)
  9 ogres
  5 orc warriors
  6 sky beasts
  4 phantoms
  2 ice beasts
  A necrophage (D:9)
  5 black bears
  A fire dragon simulacrum (Depths:1)
  15 centaurs
  A crocodile (D:12)
  Blork the orc (D:6)
  2 big kobolds
  14 bullfrogs
  Dowan (D:5)
  A water moccasin zombie (D:7)
  4 scorpions
  3 killer bees (D:6)
  9 wights (D:8)
  5 howler monkeys
  2 electric eels (D:9)
  3 centaur zombies
  A quasit (D:7)
  5 crimson imps
  4 jellies
  3 hounds
  A bullfrog skeleton (D:6)
  3 orc priests
  11 orc wizards
  5 centaur skeletons
  An iron imp (Depths:1)
  3 iguanas
  8 worker ants
  A hound zombie (D:8)
  2 hound skeletons
  Robin (D:2)
  8 adders
  2 howler monkey skeletons
  A shadow imp (D:6)
  An ooze (D:6)
  3 adder skeletons
  2 worms
  2 dart slugs (D:2)
  5 leopard geckos
  44 orcs
  2 ball pythons (D:2)
  4 giant cockroaches
  14 goblins
  6 hobgoblins
  17 jackals
  6 quokkas
  3 bats (D:2)
  8 frilled lizards
  A jackal skeleton (D:7)
  6 kobolds
  A leopard gecko skeleton (D:4)
  3 quokka skeletons
  5 rats
  6 fungi
  3 plants
434 creatures vanquished.

Vanquished Creatures (collateral kills)
  Frederick (Depths:1)
  An ancient champion (Depths:1)
  A centaur zombie (D:13)
  A worker ant (D:13)
4 creatures vanquished.

Vanquished Creatures (others)
  A howler monkey (D:14)
  A worker ant (D:6)
  A leopard gecko (D:6)
  An orc (D:6)
  A fungus (D:11)
  6 plants
11 creatures vanquished.

Grand Total: 449 creatures vanquished

Notes
Turn   | Place    | Note
-------+----------+-------------------------------------------
     0 | D:1      | Lew the Gargoyle Fighter began the quest for the Orb.
     0 | D:1      | Reached XP level 1. HP: 14/14 MP: 1/1
   681 | D:2      | Reached XP level 2. HP: 19/19 MP: 2/2
   789 | D:2      | Reached XP level 3. HP: 20/24 MP: 3/3
   826 | D:2      | Noticed Robin
   846 | D:2      | Killed Robin
  1062 | D:2      | Reached XP level 4. HP: 29/29 MP: 4/4
  1940 | D:4      | Reached XP level 5. HP: 21/33 MP: 5/5
  2304 | D:4      | Reached XP level 6. HP: 18/38 MP: 6/6
  2361 | D:4      | Reached skill level 5 in Armour
  2574 | D:4      | Reached skill level 1 in Dodging
  3014 | D:4      | Got a slimy scale mail
  3025 | D:4      | Identified the cursed +1 scale mail of Zeiklim {rPois Str+4} (You found it on level 4 of the Dungeon)
  3047 | D:5      | Entered Level 5 of the Dungeon
  3173 | D:5      | Noticed a phantom
  3214 | D:5      | Noticed Dowan
  3215 | D:5      | Noticed Duvessa
  3225 | D:5      | Killed Duvessa
  3235 | D:5      | Killed a phantom
  3235 | D:5      | Reached XP level 7. HP: 37/43 MP: 7/7
  3259 | D:5      | Killed Dowan
  3499 | D:5      | Noticed Eustachio
  3509 | D:5      | Reached skill level 5 in Axes
  3520 | D:5      | Killed Eustachio
  3520 | D:5      | Reached skill level 5 in Shields
  3520 | D:5      | Reached XP level 8. HP: 43/48 MP: 8/8
  3642 | D:5      | Found a staircase to the Ecumenical Temple.
  3813 | D:6      | Noticed Blork the orc
  3831 | D:6      | Killed Blork the orc
  4093 | D:6      | Noticed Sigmund
  4108 | D:6      | Killed Sigmund
  4108 | D:6      | Reached skill level 5 in Fighting
  4227 | D:6      | Gained mutation: Your spells are a little harder to cast, but a little more powerful. [potion of mutation]
  4227 | D:6      | Gained mutation: Your flesh is cold resistant. (rC+) [potion of mutation]
  4379 | D:6      | Reached XP level 9. HP: 46/54 MP: 9/9
  4395 | D:6      | Found a shimmering altar of Xom.
  4429 | D:6      | Found a sacrificial altar of Ru.
  4562 | D:6      | Found a sparkling altar of Nemelex Xobeh.
  5095 | D:7      | Noticed a deep elf mage
  5100 | D:7      | Noticed a smoke demon
  5104 | D:7      | Noticed a sixfirhy
  5108 | D:7      | Noticed an ice devil
  5493 | D:7      | Noticed a jumping spider
  5493 | D:7      | Noticed a demonic crawler
  5493 | D:7      | Killed a deep elf mage
  5507 | D:7      | Reached XP level 10. HP: 60/60 MP: 10/10
  5622 | D:7      | Reached skill level 1 in Stealth
  5949 | D:7      | Noticed Pikel
  5966 | D:7      | Killed Pikel
  6769 | D:8      | Found a runed gate.
  6770 | D:8      | Found a runed gate.
  6770 | D:8      | Found a runed gate.
  6771 | D:8      | Found an opulent altar of Gozag.
  6772 | D:8      | Noticed Liatris's ghost (novice DsGl)
  6995 | D:8      | Noticed a brown ugly thing
  7007 | D:8      | Killed a brown ugly thing
  7288 | D:8      | Killed Liatris's ghost
  7298 | D:8      | Reached XP level 11. HP: 30/68 MP: 11/11
  8283 | D:9      | Got a warped silver ring
  8400 | D:9      | Noticed Harold
  8413 | D:9      | Killed Harold
  8975 | D:10     | Entered Level 10 of the Dungeon
  8983 | D:10     | Identified the ring "Gire Cybb" {rF+ Dex+6} (You found it on level 9 of the Dungeon)
  9030 | D:10     | Noticed Nergalle
  9031 | D:10     | Noticed a spectral orc warlord
  9066 | D:10     | Killed Nergalle
  9249 | Temple   | Entered the Ecumenical Temple
  9430 | Temple   | Became a worshipper of Warmaster Okawaru
  9634 | D:10     | Noticed Fannar
  9755 | D:10     | Killed Fannar
  9755 | D:10     | Reached skill level 5 in Stealth
  9983 | D:10     | Noticed an unseen horror
 10008 | D:10     | Killed an unseen horror
 10008 | D:10     | Reached * piety under Okawaru
 10264 | D:10     | Found a bloodstained altar of Trog.
 10376 | D:11     | Noticed a brown ugly thing
 10396 | D:10     | Killed a brown ugly thing
 11085 | D:11     | Reached ** piety under Okawaru
 11126 | D:11     | Found a staircase to the Lair.
 11282 | D:11     | Found a runed door.
 11311 | D:11     | Found a runed door.
 11323 | D:11     | Found a runed door.
 11327 | D:11     | Reached XP level 12. HP: 77/77 MP: 12/12
 11346 | D:11     | Found a runed door.
 11418 | D:11     | Identified a scroll of acquirement
 11446 | D:11     | Reached skill level 10 in Shields
 11525 | D:12     | Noticed a two-headed ogre
 11533 | D:12     | Killed a two-headed ogre
 11533 | D:12     | Reached *** piety under Okawaru
 11533 | D:12     | Reached skill level 10 in Axes
 11533 | D:12     | Reached skill level 1 in Invocations
 11568 | D:12     | Noticed a two-headed ogre
 11594 | D:12     | Killed a two-headed ogre
 11596 | D:12     | Received a gift from Okawaru
 11596 | D:12     | Reached skill level 10 in Fighting
 11886 | D:12     | Reached **** piety under Okawaru
 12042 | D:12     | Found a staircase to the Orcish Mines.
 12601 | D:13     | Noticed a six-headed hydra
 12610 | D:13     | Killed a ten-headed hydra
 12610 | D:13     | Reached ***** piety under Okawaru
 12776 | D:13     | Noticed a centaur warrior
 12778 | D:13     | Noticed Frances
 12783 | D:13     | Killed a centaur warrior
 12785 | D:13     | Reached skill level 10 in Armour
 12796 | D:13     | Killed Frances
 12796 | D:13     | Reached skill level 5 in Dodging
 12830 | D:13     | Reached XP level 13. HP: 48/83 MP: 15/15
 13617 | D:14     | Received a gift from Okawaru
 14044 | D:14     | Received a gift from Okawaru
 14216 | D:14     | Got a pair of polished boots {god gift}
 14228 | D:14     | Identified the +2 pair of boots "Daho" {+Inv} (Okawaru gifted it to you on level 14 of the Dungeon)
 14236 | D:14     | Found a gate to the Vaults.
 14405 | D:14     | Noticed Nessos
 14427 | D:14     | Killed Nessos
 14711 | D:15     | Entered Level 15 of the Dungeon
 14730 | D:15     | Reached ****** piety under Okawaru
 14735 | D:15     | Reached skill level 5 in Invocations
 14783 | D:15     | Got a warped buckler
 14794 | D:15     | Identified the cursed -2 buckler of the Dice {rC- rN+ Dex+3 Slay+2} (You found it on level 15 of the Dungeon)
 14897 | D:15     | Found a white marble altar of Elyvilon.
 15088 | D:15     | Gained mutation: Your large and strong wings let you fly indefinitely. [Gargoyle growth]
 15088 | D:15     | Reached XP level 14. HP: 69/90 MP: 17/17
 15091 | D:15     | Found a staircase to the Depths.
 15549 | D:15     | Received a gift from Okawaru
 15552 | D:15     | Got a steaming hat {god gift}
 15563 | D:15     | Identified the +4 hat of the Volcano {*Slow rElec MR+ rCorr} (Okawaru gifted it to you on level 15 of the Dungeon)
 16107 | Depths:1 | Entered Level 1 of the Depths
 16155 | Depths:1 | Noticed a stone giant
 16179 | Depths:1 | Killed a stone giant
 16189 | Depths:1 | Found a flickering gateway to a bazaar.
 16195 | Bazaar   | Entered a bazaar
 16453 | Bazaar   | Found Lone's Book Boutique.
 16457 | Bazaar   | Found Foepimo's Jewellery Boutique.
 16457 | Bazaar   | Found Timarusch's Armour Boutique.
 16458 | Bazaar   | Found Paeleuzy's Jewellery Boutique.
 16493 | Bazaar   | Bought the amulet of Viskeode {Regen+ Slay+3} for 545 gold pieces
 16550 | Bazaar   | Bought a manual of Maces & Flails for 1214 gold pieces
 16611 | Bazaar   | Bought a +5 ring of evasion for 605 gold pieces
 16696 | Depths:1 | Found a one-way gate to the infinite horrors of the Abyss.
 16752 | Depths:1 | Noticed a vampire knight
 16772 | Depths:1 | Killed a vampire knight
 16773 | Depths:1 | Noticed a vampire knight
 16778 | Depths:1 | Noticed an ancient champion
 16786 | Depths:1 | Noticed Asterion
 16949 | Depths:1 | Found Cinlod's Gadget Shop.
 16949 | Depths:1 | Found Sazofyt's Antique Weapon Boutique.
 17416 | Depths:1 | Noticed a stone giant
 17424 | Depths:1 | Killed a stone giant
 17424 | Depths:1 | Received a gift from Okawaru
 17603 | Depths:1 | Found a gateway to Hell.
 17697 | Depths:1 | Noticed Frederick
 17717 | Depths:1 | Killed Frederick
 17718 | Depths:1 | Killed a vampire knight
 17721 | Depths:1 | Noticed a balrug
 17722 | Depths:1 | Killed an ancient champion
 17732 | Depths:1 | HP: 3/92 [burnt (5)]
 17733 | Depths:1 | Incinerated by Asterion

Skill      XL: |  1  2  3  4  5  6  7  8  9 10 11 12 13 14 |
---------------+-------------------------------------------+-----
Axes           | 2 3 4 5 7 8 9 10 11 12 | 12.2
Shields        | 4 5 6 7 8 9 10 11 12 | 12.6
Fighting       | 4 5 6 8 9 10 11 12 | 12.5
Armour         | 4 5 6 8 9 10 11 12 | 12.3
Dodging        | 1 2 3 5 |  5.0
Stealth        | 3 5 7 8 9 |  9.3
Invocations    | 3 5 6 |  6.4
Evocations     | |  0.2

Action                   |  1- 3 |  4- 6 |  7- 9 | 10-12 | 13-15 || total
-------------------------+-------+-------+-------+-------+-------++-------
Melee: War axe           |    90 |   208 |   312 |   824 |   428 ||  1862
       Trident           |       |       |       |    10 |       ||    10
       Scimitar          |       |       |       |    15 |     7 ||    22
 Abil: Evoke Invisibilit |       |       |       |       |     2 ||     2
Evoke: Wand              |       |       |     2 |     7 |     6 ||    15
  Use: Scroll            |       |    12 |     3 |    16 |    10 ||    41
       Potion            |       |     1 |     3 |     8 |     7 ||    19
 Stab: Paralysed         |       |       |       |     3 |     2 ||     5
       Sleeping          |       |       |       |     6 |     5 ||    11
       Invisible         |       |       |       |     2 |     9 ||    11
  Eat: Chunk             |       |     7 |     2 |     5 |     5 ||    19
       Ration            |       |       |     2 |     8 |     3 ||    13
Armor: Scale mail        |    75 |   121 |   214 |   409 |   222 ||  1041
Dodge: Dodged            |    26 |    75 |   121 |   287 |   205 ||   714
Block: Shield            |    65 |   111 |   177 |   402 |   100 ||   855
       Large shield      |       |       |       |   217 |    74 ||   291
       Buckler           |       |       |       |       |    51 ||    51
       Rpst.: Scimitar   |       |       |       |       |     1 ||     1
